[Event "Team 45 45 League T59"]
[Site "Internet Chess Club"]
[Date "2014.01.04"]
[Round "6"]
[White "lacibacsi"]
[Black "Otelo"]
[Result "1-0"]
[WhiteElo "1992"]
[BlackElo "1831"]
[Opening "Sicilian: closed"]
[ECO "B24"]
[Time "16:00:40"]
[TimeControl "2700+45"]

1. e4 c5 2. Nc3 Nc6 3. g3 e6 4. Bg2 g6 5. d3 Bg7 6. Be3 d6 7. Qd2 Rb8 8. Nge2 b5
9. O-O Nd4 10. Nd1 Nxe2+ 11. Qxe2 Ne7 12. c3 O-O 13. Qd2 a5 14. Bh6 Bxh6 15.
Qxh6 Bb7 16. Ne3 f5 17. Rad1 d5 18. exf5 Nxf5 19. Nxf5 exf5 20. d4 c4 21. Rde1
Qf6 22. Re5 Qf7 23. Rfe1 Rfe8 24. Qe3 Kf8 25. h4 Bc6 26. h5 b4 27. Qh6+ Kg8 28.
hxg6 hxg6 29. Qg5 bxc3 30. bxc3 Rxe5 31. dxe5 Qe6 32. Qd2 a4 33. Qc1 Qe7 34. Qh6
Qe6 35. Qc1 Kg7 36. Qa3 Kf7 37. f4 d4 38. Bxc6 Qxc6 39. e6+ Kf6 40. cxd4 Rh8 41.
d5 Qb6+ 42. Kg2 Qd4 43. Qf3 Qd2+ 44. Re2 Qc1 45. e7 Qh1+ 46. Kf2 Rh2+ 47. Ke3
Qc1+ 48. Kd4 Qd1+ 49. Kc5 Qxe2 50. Qc3+ Kxe7 51. Qg7+ Kd8 52. Kd6 Kc8 53. Qc7#
{Black checkmated} 1-0

[Event "Team 45 45 League T59"]
[Site "Internet Chess Club"]
[Date "2014.01.04"]
[Round "6"]
[White "MBAStudent"]
[Black "Tobiasdelmonte"]
[Result "1-0"]
[WhiteElo "1753"]
[BlackElo "1780"]
[Opening "Sicilian: Grand Prix attack"]
[ECO "B23"]
[Time "18:00:41"]
[TimeControl "2700+45"]

1. e4 c5 2. Nc3 Nc6 3. f4 d6 4. Nf3 g6 5. Bb5 Bg7 6. d3 e6 7. O-O Ne7 8. Ng5 O-O
9. g4 Nd4 10. Bc4 a6 11. f5 exf5 12. exf5 gxf5 13. Nxf7 Rxf7 14. Bxf7+ Kxf7 15.
gxf5 Bxf5 16. Qh5+ Kg8 17. Bg5 Bg6 18. Qh4 Ndc6 19. Nd5 Bd4+ 20. Kh1 Qd7 21.
Bxe7 Nxe7 22. Nxe7+ Kg7 23. Nxg6 hxg6 24. Rae1 Be5 25. Qg5 Qc6+ 26. Qg2 Rh8 27.
Qxc6 bxc6 28. Re2 Bxb2 29. Rb1 Be5 30. Rb6 Rf8 31. Rxc6 Rf1+ 32. Kg2 Ra1 33.
Rxa6 Kf6 34. Kf3 Kf5 35. a4 g5 36. Kg2 Kg4 37. h3+ Kf4 38. Ra7 Kf5 39. Rf2+ Ke6
40. Ra8 Kd5 41. a5 Bd4 42. Rf5+ Kc6 43. a6 Rg1+ 44. Kf3 Rf1+ 45. Kg4 Rg1+ 46.
Kh5 Rg3 47. Rf7 Rxh3+ 48. Kxg5 Rg3+ 49. Kh4 Rg7 50. Rc8+ Kb6 51. Rb8+ Kxa6 52.
Rxg7 Bxg7 53. Kg4 Ka5 54. Kf5 Be5 55. Ke4 Ka6 56. Kd5 Ka7 57. Re8 Bg3 58. Re3
Bf4 59. Re4 Bg3 60. Kc6 Kb8 61. Re6 Ka7 62. Re7+ Kb8 63. Rd7 Kc8 64. Rxd6 Bf2
65. Rf6 Kd8 66. Rxf2 {Black resigns} 1-0

[Event "Team 45 45 League T59"]
[Site "Internet Chess Club"]
[Date "2014.01.05"]
[Round "6"]
[White "FourKnights"]
[Black "fishhead"]
[Result "1/2-1/2"]
[WhiteElo "1810"]
[BlackElo "1846"]
[Opening "King's Indian: 5.Nf3"]
[ECO "E90"]
[Time "12:04:52"]
[TimeControl "2700+45"]

1. d4 Nf6 2. c4 g6 3. Nc3 Bg7 4. e4 d6 5. Nf3 c6 6. Be2 Qc7 7. O-O e5 8. dxe5
dxe5 9. b4 O-O 10. h3 Nbd7 11. Qc2 Re8 12. Bg5 h6 13. Be3 Nf8 14. Rad1 Ne6 15.
Bd3 Nh5 16. Ne2 Nhf4 17. Kh2 Nxe2 18. Bxe2 Nd4 19. Qd2 Nxe2 20. Qxe2 Be6 21. Kg1
a5 22. a3 axb4 23. axb4 Ra4 24. Bc5 Bf8 25. Qc2 Rea8 26. Bxf8 Kxf8 27. Qc3 f6
28. c5 Ra3 29. Qd2 g5 30. Rfe1 Bxh3 31. Qd6+ Qxd6 32. Rxd6 Ke7 33. Nxe5 fxe5 34.
gxh3 Rxh3 35. Red1 g4 36. Rd7+ Kf6 37. Rxb7 Kg5 38. Rd6 Rc8 39. Rb6 Rb3 40. Re6
Kf4 41. Rxh6 Kxe4 42. Rhxc6 Rxc6 43. Rxc6 Rxb4 44. Kg2 {Game drawn by mutual
agreement} 1/2-1/2

[Event "Team 45 45 League T59"]
[Site "Internet Chess Club"]
[Date "2014.01.05"]
[Round "6"]
[White "justice02"]
[Black "amicusUK"]
[Result "1-0"]
[WhiteElo "1813"]
[BlackElo "1660"]
[Opening "QGD semi-Slav"]
[ECO "D43"]
[Time "16:00:31"]
[TimeControl "2700+45"]

1. d4 e6 2. c4 d5 3. Nc3 Nf6 4. Nf3 c6 5. cxd5 exd5 6. a3 Be7 7. Qc2 O-O 8. Bf4
Re8 9. e3 Nbd7 10. b4 a6 11. Bd3 Nf8 12. h3 Ng6 13. Bh2 Bd6 14. Bxd6 Qxd6 15.
Bf5 Bxf5 16. Qxf5 Qe6 17. Qxe6 Rxe6 18. O-O Nd7 19. Rfc1 Nb6 20. Nd2 Nf8 21. a4
Nfd7 22. a5 Nc8 23. Na4 Nd6 24. Rc2 Nb5 25. Nb3 Re7 26. Nc3 Nd6 27. Rac1 Nc4 28.
Nd2 b5 29. axb6 Ndxb6 30. Nxc4 Nxc4 31. Ra1 Rb7 32. b5 Rxb5 33. Nxb5 cxb5 34.
Rca2 a5 35. Rb1 Rb8 36. Kf1 b4 37. Ke2 b3 38. Kd3 Rb4 39. Raa1 b2 40. Ra2 a4 41.
Kc3 Rb3+ 42. Kc2 Na3+ 43. Rxa3 Rxa3 44. Rxb2 g6 45. Kb1 Rd3 46. Ka2 a3 47. Rc2
Kg7 48. Re2 f5 49. f3 Kf6 50. h4 h6 51. g3 g5 52. h5 Ke6 53. g4 fxg4 54. fxg4
Kd6 55. Rf2 Rxe3 56. Rf6+ Re6 57. Rxe6+ Kxe6 58. Kxa3 Kd7 59. Kb4 Kc6 60. Ka5
{Black resigns} 1-0

[Event "Team 45 45 League T59"]
[Site "Internet Chess Club"]
[Date "2014.01.04"]
[Round "6"]
[White "koni"]
[Black "bondguy01"]
[Result "0-1"]
[WhiteElo "1864"]
[BlackElo "1760"]
[Opening "Réti opening"]
[ECO "A05"]
[Time "10:00:44"]
[TimeControl "2700+45"]

1. Nf3 Nf6 2. g3 d6 3. Bg2 g6 4. O-O Bg7 5. d3 O-O 6. e4 e5 7. Nbd2 a5 8. a4 Nc6
9. Nc4 Bg4 10. h3 Bd7 11. b3 Qc8 12. Kh2 Nh5 13. Rb1 f5 14. exf5 Bxf5 15. g4
Bxg4 16. hxg4 Qxg4 17. Ng5 Qh4+ 18. Kg1 Nd4 19. Bd5+ Kh8 20. Nf7+ Rxf7 21. Bxf7
Rf8 22. Bd5 Nf4 23. Bxf4 Rxf4 24. Ne3 Qg5+ 25. Ng2 c6 26. c3 Nf5 27. Bxc6 bxc6
28. Rb2 Rg4 29. f4 exf4 30. d4 Ne3 31. Qf3 Nxf1 32. Kxf1 d5 33. Re2 h5 34. Rf2
Bh6 35. b4 axb4 36. cxb4 Rg3 37. Qe2 Kh7 38. a5 h4 39. Rf3 h3 40. Rxg3 Qxg3 41.
Qe7+ Bg7 42. Qh4+ Qxh4 43. Nxh4 Bxd4 44. Nf3 Ba7 45. Ng5+ Kh6 46. Nxh3 g5 47.
Nf2 Kg6 48. Nd3 Kf5 49. Nc5 g4 50. Kg2 Ke5 51. Nd7+ Kd4 52. Nf6 g3 53. Ng4 Ke4
54. Nf6+ Kf5 55. Nd7 d4 56. Nc5 Ke5 57. Kf3 Kd5 58. Nd3 Kc4 59. Nxf4 Kxb4 60.
Kxg3 Kxa5 61. Kf3 Kb4 62. Ke4 c5 63. Nd3+ Kc4 64. Ne5+ Kc3 65. Nd3 c4 66. Ne5 d3
67. Kf3 d2 68. Ke2 Kc2 {White resigns} 0-1

[Event "Team 45 45 League T59"]
[Site "Internet Chess Club"]
[Date "2014.01.04"]
[Round "6"]
[White "beitmery"]
[Black "RamRock"]
[Result "1-0"]
[WhiteElo "1669"]
[BlackElo "1830"]
[Opening "Dutch with c4 & Nc3"]
[ECO "A85"]
[Time "14:04:51"]
[TimeControl "2700+45"]

1. d4 f5 2. c4 Nf6 3. Nc3 e6 4. Bg5 Be7 5. Bxf6 Bxf6 6. e3 O-O 7. Bd3 Nc6 8. a3
d6 9. Nge2 e5 10. Nd5 exd4 11. exd4 Nxd4 12. O-O Nxe2+ 13. Qxe2 c6 14. Nxf6+
Qxf6 15. Rfe1 Bd7 16. Qe7 Qxe7 17. Rxe7 Rf7 18. Rxf7 Kxf7 19. Re1 Re8 20. Rxe8
Kxe8 21. g4 Kf7 22. g5 Ke6 23. f4 c5 24. h4 Bc6 25. Kf2 d5 26. cxd5+ Bxd5 27. h5
a5 28. Ke3 g6 29. h6 Kd6 30. Bb5 Bb3 31. Be8 Bc4 32. Bxg6 Bg8 33. Bxf5 b5 34.
Bc2 Ke6 35. Ke4 c4 36. f5+ Kd6 37. Kd4 b4 38. axb4 axb4 39. f6 c3 40. bxc3 bxc3
41. Kxc3 Ke5 42. Bb3 Bxb3 43. Kxb3 Ke6 44. Kc4 Kf7 45. Kd5 Kg8 46. Ke6 Kh8 47.
g6 hxg6 48. f7 {Black resigns} 1-0

[Event "Team 45 45 League T59"]
[Site "Internet Chess Club"]
[Date "2014.01.06"]
[Round "6"]
[White "hewdondada"]
[Black "vigneshv"]
[Result "1-0"]
[WhiteElo "1709"]
[BlackElo "1649"]
[Opening "Trompowsky attack (Ruth, Opocenský opening)"]
[ECO "A45"]
[Time "18:16:26"]
[TimeControl "2700+45"]

1. d4 Nf6 2. Bg5 Ne4 3. Bf4 c5 4. f3 Qa5+ 5. c3 Nf6 6. d5 Qb6 7. Bc1 e6 8. c4
exd5 9. cxd5 c4 10. e4 Bc5 11. Nh3 O-O 12. Nc3 d6 13. Na4 Bb4+ 14. Bd2 Qe3+ 15.
Be2 Bxd2+ 16. Qxd2 Qxd2+ 17. Kxd2 b5 18. Nc3 Bxh3 19. gxh3 a6 20. Rhg1 Nh5 21.
Ke3 h6 22. Rg2 f5 23. f4 fxe4 24. Bxh5 Rf5 25. Bg6 Rf6 26. Nxe4 Rf8 27. Rag1 Ra7
28. f5 Re7 29. Kd4 Nd7 30. Nxd6 Rd8 31. Ne4 Nb6 32. d6 Red7 33. f6 Nc8 34. Bf5
Rf7 35. Rxg7+ Rxg7 36. Rxg7+ Kf8 37. Bxc8 Rxc8 38. d7 Rd8 39. Nc5 a5 40. Ne6#
{Black checkmated} 1-0

[Event "Team 45 45 League T59"]
[Site "Internet Chess Club"]
[Date "2014.01.05"]
[Round "6"]
[White "bluesun"]
[Black "mongmong"]
[Result "0-1"]
[WhiteElo "1460"]
[BlackElo "1703"]
[Opening "French: Winawer (Nimzovich) variation"]
[ECO "C15"]
[Time "19:02:00"]
[TimeControl "2700+45"]

1. e4 e6 2. d4 d5 3. Nc3 Bb4 4. exd5 exd5 5. Ne2 Nf6 6. g3 O-O 7. Bg2 c6 8. O-O
b6 9. a3 Bd6 10. Qd3 Re8 11. Bf4 Bxf4 12. Nxf4 Ba6 13. Qf5 Bxf1 14. Bxf1 Qd7 15.
Qd3 Qd6 16. Bh3 Nbd7 17. Bf5 Re7 18. Nce2 Rae8 19. h4 g6 20. Bh3 Nf8 21. Kf1 Ne6
22. Nxe6 fxe6 23. f4 c5 24. c3 Ne4 25. Kg2 cxd4 26. cxd4 Rc7 27. Rh1 Rec8 28.
Bg4 Rc2 29. h5 Rxb2 30. hxg6 hxg6 31. Kf1 Kg7 32. Bf3 Rxe2 33. Bxe2 Rc3 34. Qa6
Nxg3+ 35. Kg2 Nxh1 36. Kxh1 Qxf4 37. Qxa7+ Qc7 38. Qa8 Rh3+ 39. Kg2 Qg3+ 40. Kf1
Rh1# {White checkmated} 0-1

[Event "Team 45 45 League T59"]
[Site "Internet Chess Club"]
[Date "2014.01.03"]
[Round "6"]
[White "pcvan"]
[Black "Elton2013"]
[Result "0-1"]
[WhiteElo "1434"]
[BlackElo "1486"]
[Opening "Grünfeld: exchange, Spassky variation"]
[ECO "D87"]
[Time "19:00:14"]
[TimeControl "2700+45"]

1. d4 Nf6 2. c4 g6 3. Nc3 d5 4. cxd5 Nxd5 5. e4 Nxc3 6. bxc3 Bg7 7. Bc4 c5 8.
Ne2 O-O 9. O-O Qc7 10. Qb3 Nd7 11. Bg5 Nb6 12. Rad1 cxd4 13. Bxf7+ Rxf7 14. cxd4
Qc4 15. Qb2 Be6 16. a3 Rd8 17. e5 Qb3 18. Qd2 Bxe5 19. Qa5 Bg7 20. Qxa7 Nc4 21.
Nf4 Bf5 22. Rfe1 Bc2 23. Rc1 Bxd4 {White resigns} 0-1

[Event "Team 45 45 League T59"]
[Site "Internet Chess Club"]
[Date "2014.01.04"]
[Round "6"]
[White "moodle"]
[Black "ChessMaine"]
[Result "1/2-1/2"]
[WhiteElo "1471"]
[BlackElo "1460"]
[Opening "French: advance variation"]
[ECO "C02"]
[Time "18:03:53"]
[TimeControl "2700+45"]

1. e4 e6 2. d4 d5 3. e5 c5 4. c3 Qb6 5. a3 c4 6. Nf3 Nc6 7. Be2 Bd7 8. O-O Na5
9. Nbd2 Ne7 10. Rb1 Qc7 11. Qc2 Nc8 12. b3 cxb3 13. Nxb3 Ba4 14. Nfd2 Nb6 15.
Qb2 Nac4 16. Nxc4 Nxc4 17. Bxc4 dxc4 18. Nd2 b6 19. Nf3 Bc6 20. Nd2 Ba4 21. Re1
Be7 22. Ne4 h6 23. Qe2 Rc8 24. Bd2 Bc2 25. Ra1 Bd3 26. Qg4 Bf8 27. a4 Bxe4 28.
Qxe4 Be7 29. Rab1 Qc6 30. Qc2 O-O 31. Re3 Bg5 32. Re2 Bxd2 33. Rxd2 Rb8 34. Re2
a6 35. Re3 b5 36. axb5 Rxb5 37. Ra1 Rfb8 38. h3 Rb2 39. Qc1 R8b3 40. Rg3 g5 41.
h4 Qe4 42. Qe3 Rb1+ 43. Rxb1 Qxe3 44. fxe3 Rxb1+ 45. Kf2 Kg7 46. hxg5 hxg5 47.
Rxg5+ Kf8 48. e4 Rc1 49. Rg3 a5 50. Re3 Rc2+ 51. Re2 Rxc3 52. Ra2 Rd3 53. Rxa5
Rxd4 54. Ke3 Rd3+ 55. Ke2 Rg3 56. Kf2 Rb3 57. Rc5 c3 58. Ke3 c2+ 59. Kd2 Rg3 60.
Rxc2 Rxg2+ 61. Kd3 Rxc2 62. Kxc2 Ke7 63. Kd3 Kd7 64. Kd4 Ke7 65. Kc5 Kd7 66. Kd4
Ke7 67. Kc5 Kd7 68. Kd4 Ke7 69. Kc5 Kd7 {Game drawn by repetition} 1/2-1/2

[Event "Team 45 45 League T59"]
[Site "Internet Chess Club"]
[Date "2014.01.03"]
[Round "6"]
[White "WzeroMN"]
[Black "Ellison"]
[Result "1-0"]
[WhiteElo "1156"]
[BlackElo "1237"]
[Opening "Ruy Lopez: exchange variation, 5.O-O"]
[ECO "C68"]
[Time "10:02:01"]
[TimeControl "2700+45"]

1. e4 e5 2. Nf3 Nc6 3. Bb5 a6 4. Bxc6 dxc6 5. O-O Bg4 6. Re1 Bc5 7. d3 Nf6 8. a3
O-O 9. Be3 Bxe3 10. Rxe3 Qd7 11. Nxe5 Qe6 12. Nxg4 Nxg4 13. Rg3 Nf6 14. Nd2 Rad8
15. Nb3 Nxe4 16. Qg4 Nxg3 17. Qxe6 fxe6 18. fxg3 e5 19. Nc5 Rde8 20. Nxb7 Re6
21. Nc5 Re7 22. Ne4 Ref7 23. Nd2 Rf2 24. Nf3 e4 25. Kxf2 exf3 26. gxf3 g5 27. g4
Rb8 28. b4 Ra8 29. Re1 a5 30. bxa5 Rxa5 31. Ra1 Rc5 32. a4 Ra5 33. c4 Kf7 34.
Ke3 Re5+ 35. Kd4 Ra5 36. Ke4 Ke6 37. f4 gxf4 38. Kxf4 Kd6 39. h4 Kc5 40. Ke4 Kb4
41. g5 Rxa4 42. Rxa4+ Kxa4 43. h5 Kb4 44. g6 hxg6 45. hxg6 Kc5 46. g7 Kd6 47.
g8=Q Ke7 48. Qc8 Kd6 49. Qd8+ Kc5 50. Qxc7 Kb4 51. Qxc6 Kb3 52. Qb5+ Ka2 53. c5
Ka1 54. c6 Ka2 55. c7 Ka1 56. c8=Q Ka2 57. Qa8# {Black checkmated} 1-0

[Event "Team 45 45 League T59"]
[Site "Internet Chess Club"]
[Date "2014.01.03"]
[Round "6"]
[White "PaulRichard"]
[Black "Bible-Believer"]
[Result "1/2-1/2"]
[WhiteElo "1481"]
[BlackElo "1621"]
[Opening "Sicilian: Scheveningen (Paulsen), classical variation"]
[ECO "B84"]
[Time "17:00:46"]
[TimeControl "2700+45"]

1. e4 c5 2. Nf3 e6 3. d4 cxd4 4. Nxd4 Nf6 5. Nc3 d6 6. Be2 a6 7. a4 b6 8. O-O
Bb7 9. Bf3 Qc7 10. Qe2 Nbd7 11. g3 Be7 12. Bg2 O-O 13. Bg5 h6 14. Bd2 Ne5 15. b3
Rac8 16. Nf3 Nc6 17. Rfe1 Nd7 18. Rac1 Bf6 19. Qe3 Nb4 20. Nb5 axb5 21. Bxb4
bxa4 22. bxa4 Bc3 23. Bxc3 Qxc3 24. Qd4 Rc4 25. Qxc3 Rxc3 26. Nd4 Rfc8 27. Nb5
Rxc2 28. Rxc2 Rxc2 29. Nxd6 Bc6 30. Ra1 e5 31. f3 Kf8 32. Bf1 Rc3 33. Kf2 Nc5
34. a5 Nb3 35. Rb1 bxa5 36. Bc4 Nd2 37. Rb8+ Ke7 38. Nf5+ Kf6 39. Ne3 Nxc4 40.
Nxc4 Rxc4 41. Rb6 a4 42. Ra6 Ke6 43. Ke3 a3 44. Rxa3 Rc2 45. h4 Bb5 46. f4 Re2+
47. Kf3 Rd2 48. Ke3 Re2+ 49. Kf3 f6 50. Rb3 Bc4 51. Rc3 Bb5 52. Rb3 Bc4 53. Rc3
{Game drawn by mutual agreement} 1/2-1/2

[Event "Team 45 45 League T59"]
[Site "Internet Chess Club"]
[Date "2014.01.06"]
[Round "6"]
[White "tightfist"]
[Black "Gilguli"]
[Result "1-0"]
[WhiteElo "1552"]
[BlackElo "1378"]
[Opening "Polish (Sokolsky) opening"]
[ECO "A00"]
[Time "15:04:56"]
[TimeControl "2700+45"]

1. b4 e5 2. Bb2 f6 3. a3 a5 4. c3 axb4 5. cxb4 Nc6 6. e3 d6 7. Nc3 Be6 8. Bb5
Ne7 9. h3 Nd5 10. Nf3 Be7 11. O-O O-O 12. Rc1 Nxc3 13. Rxc3 Na7 14. Be2 c6 15.
Qc2 Nc8 16. d4 e4 17. Qxe4 d5 18. Qxe6+ {Black resigns} 1-0

[Event "Team 45 45 League T59"]
[Site "Internet Chess Club"]
[Date "2014.01.04"]
[Round "6"]
[White "dabodhi"]
[Black "kingsrook"]
[Result "0-1"]
[WhiteElo "1404"]
[BlackElo "1318"]
[Opening "Sicilian: closed"]
[ECO "B23"]
[Time "15:00:42"]
[TimeControl "2700+45"]

1. e4 c5 2. Nc3 e6 3. f4 Nc6 4. Nf3 Nge7 5. d4 cxd4 6. Nxd4 Nxd4 7. Qxd4 Nc6 8.
Qd2 Bc5 9. Nb5 d5 10. exd5 exd5 11. Qxd5 Qe7+ 12. Be2 Bg4 13. Nc7+ Qxc7 14. Qxc5
Bxe2 15. Qe3+ Qe7 16. Qxe7+ Nxe7 17. Kxe2 O-O 18. Be3 Rfe8 19. Kf3 Nf5 20. Bf2
b6 21. Rad1 Rad8 22. g4 Nd6 23. Rhe1 Kf8 24. Rxe8+ Kxe8 25. Re1+ Kd7 26. Bh4 Re8
27. Rd1 Kc6 28. Re1 Rxe1 29. Bxe1 g6 30. b3 b5 31. Bf2 a6 32. Ke3 Kd5 33. Kd3
Ne4 34. Be3 Nd6 35. Bd4 Ke6 36. c4 bxc4+ 37. bxc4 Nb7 38. Bc3 a5 39. Bd4 Kd6 40.
h4 Nc5+ 41. Kc3 Ne4+ 42. Kd3 Nc5+ 43. Bxc5+ Kxc5 44. Ke4 Kxc4 45. Ke5 Kd3 46. g5
Ke3 47. f5 Kf3 48. fxg6 fxg6 49. Kf6 Kg4 50. Ke5 Kxh4 51. a4 Kxg5 52. Kd5 h5 53.
Kc5 h4 54. Kb5 h3 55. Kxa5 h2 56. Kb5 h1=Q 57. a5 Qd5+ {White resigns} 0-1

[Event "Team 45 45 League T59"]
[Site "Internet Chess Club"]
[Date "2014.01.04"]
[Round "6"]
[White "rgadoury"]
[Black "semperfi"]
[Result "0-1"]
[WhiteElo "1296"]
[BlackElo "1407"]
[Opening "Queen's pawn game"]
[ECO "E10"]
[Time "18:02:03"]
[TimeControl "2700+45"]

1. d4 Nf6 2. c4 e6 3. Nf3 d5 4. cxd5 exd5 5. e3 Nc6 6. Bb5 Bb4+ 7. Bd2 Qe7 8.
Bxc6+ bxc6 9. a3 Bd6 10. O-O O-O 11. Nc3 Bf5 12. Be1 Ne4 13. Nxe4 dxe4 14. Nd2
Qg5 15. f4 exf3 16. Nxf3 Qxe3+ 17. Bf2 Qh6 18. Re1 Qg6 19. Nh4 Qg4 20. Qxg4 Bxg4
21. h3 Be6 22. Nf3 Bd5 23. b4 Bxf3 24. gxf3 a6 25. Rac1 a5 26. Rxc6 axb4 27.
axb4 Bxb4 28. Rb1 Bd6 29. d5 Ra3 30. Kg2 Ra2 31. Kf1 Rd2 32. Bc5 Rxd5 33. Bxd6
cxd6 34. Rbc1 Re8 35. Rc8 Kf8 36. Rxe8+ Kxe8 37. Kf2 Rc5 38. Re1+ Re5 39. Rd1
Ke7 40. f4 Rf5 41. Kf3 g5 42. Re1+ Kd7 43. Re4 Rxf4+ 44. Rxf4 gxf4 45. Kxf4 Ke6
{White resigns} 0-1

[Event "Team 45 45 League T59"]
[Site "Internet Chess Club"]
[Date "2014.01.03"]
[Round "6"]
[White "Bryant-L"]
[Black "arnx813"]
[Result "1-0"]
[WhiteElo "1572"]
[BlackElo "1389"]
[Opening "KGA: Schallop defense"]
[ECO "C34"]
[Time "17:08:07"]
[TimeControl "2700+45"]

1. e4 e5 2. f4 exf4 3. Nf3 Nf6 4. Nc3 d6 5. d4 Bg4 6. Bxf4 Be7 7. h3 Bh5 8. Be2
O-O 9. O-O Nbd7 10. Qd3 c6 11. Rae1 Nb6 12. Qe3 Rc8 13. g4 Bg6 14. Rd1 Re8 15.
Bd3 d5 16. e5 Bxd3 17. Qxd3 Nfd7 18. Rde1 Bb4 19. Bg5 f6 20. exf6 Nxf6 21. Nh4
Rxe1 22. Rxe1 h6 23. Bxf6 Qxf6 24. Nf5 Rd8 25. a3 Bf8 26. b3 Bd6 27. a4 Bb4 28.
Re2 c5 29. Na2 a5 30. Nxb4 axb4 31. dxc5 Na8 32. Ne7+ Kh8 33. Ng6+ Kg8 34. Rf2
Qe6 35. Qf5 Qxf5 36. Ne7+ Kh8 37. Nxf5 Nc7 38. Nd4 Re8 39. Rf7 Na6 40. Rxb7 Re4
41. Nc6 Nxc5 42. Rb8+ Kh7 43. Nxb4 Re1+ 44. Kf2 Rh1 45. Kg2 Rd1 46. Rb5 Rd2+ 47.
Kf3 Ne6 48. Rxd5 {Black resigns} 1-0

[Event "Team 45 45 League T59"]
[Site "Internet Chess Club"]
[Date "2014.01.04"]
[Round "6"]
[White "DanMcClintic"]
[Black "spuzzy"]
[Result "0-1"]
[WhiteElo "1626"]
[BlackElo "1688"]
[Opening "KGD: Falkbeer counter-gambit"]
[ECO "C31"]
[Time "12:00:37"]
[TimeControl "2700+45"]

1. e4 e5 2. f4 d5 3. exd5 exf4 4. Nc3 Nf6 5. Bb5+ c6 6. dxc6 Nxc6 7. Nf3 Bd6 8.
O-O O-O 9. Bxc6 bxc6 10. d4 Bg4 11. h3 Bh5 12. Qd3 c5 13. d5 Bg6 14. Qe2 Re8 15.
Qf2 Nh5 16. Ne2 Qc7 17. c4 Bd3 18. Re1 Bxc4 19. Ng5 Bxd5 20. Qh4 g6 21. Bxf4
Bxf4 22. Nxf4 Qxf4 23. g4 Qg3+ 24. Qxg3 Nxg3 {White resigns} 0-1

[Event "Team 45 45 League T59"]
[Site "Internet Chess Club"]
[Date "2014.01.02"]
[Round "6"]
[White "Blitzkrieg00"]
[Black "tryanything"]
[Result "0-1"]
[WhiteElo "1579"]
[BlackElo "1612"]
[Opening "Four knights: Italian variation"]
[ECO "C55"]
[Time "18:59:27"]
[TimeControl "2700+45"]

1. e4 e5 2. Nf3 Nc6 3. Bc4 Nf6 4. Nc3 Nxe4 5. O-O Nxc3 6. bxc3 Be7 7. Re1 d6 8.
Bb2 O-O 9. d4 Bf6 10. Bd3 Bg4 11. Qd2 Bxf3 12. gxf3 Bg5 13. Qd1 Bf4 14. Bc1 Qg5+
15. Kh1 Bxc1 16. Rxc1 g6 17. Re4 f5 18. Re1 Kh8 19. Rg1 Qf6 20. Qd2 exd4 21. c4
Ne5 22. Be2 c5 23. f4 Nc6 24. Bf3 Rac8 25. Rce1 Rc7 26. Re2 Re7 27. Rge1 Rfe8
28. a3 Rxe2 29. Rxe2 Rxe2 30. Qxe2 Qe7 31. Qxe7 Nxe7 32. Bxb7 h5 33. Kg2 Kg7 34.
h4 Kf6 35. Kf3 Ng8 36. a4 a5 37. Bd5 Nh6 38. Kg3 Ng4 39. Bg8 Kg7 40. Be6 Nf6 41.
f3 Ne8 42. Kf2 Nc7 43. Bd7 Kf6 44. Ke2 Na6 45. Kd2 Nb4 46. c3 dxc3+ 47. Kxc3 Na6
48. Bc6 Nc7 49. Bd5 Ne6 50. Bxe6 Kxe6 51. Kd3 d5 52. Kc3 Kd6 53. Kd3 dxc4+ 54.
Kxc4 Kc6 55. Kb3 Kd5 56. Kc3 c4 57. Kd2 Kd4 58. Kc2 c3 59. Kd1 Kd3 60. Kc1 c2
61. Kb2 {White resigns} 0-1

[Event "Team 45 45 League T59"]
[Site "Internet Chess Club"]
[Date "2014.01.03"]
[Round "6"]
[White "Aquaman"]
[Black "CaptK"]
[Result "1-0"]
[WhiteElo "1389"]
[BlackElo "1498"]
[Opening "Sicilian defense"]
[ECO "B40"]
[Time "15:00:46"]
[TimeControl "2700+45"]

1. e4 c5 2. Nf3 e6 3. d3 Nc6 4. Nbd2 Nf6 5. g3 Be7 6. Bg2 O-O 7. O-O b6 8. Re1
Bb7 9. Nf1 Rc8 10. h4 d6 11. Bh3 Qc7 12. Ng5 Kh8 13. Bf4 Qb8 14. Nf3 Rcd8 15.
Bg2 e5 16. Bg5 Rc8 17. Bd2 Nd4 18. Ne3 Rfd8 19. Bh3 Rc7 20. Ng5 Kg8 21. c3 h6
22. Nf3 Nxf3+ 23. Qxf3 Bc8 24. Nf5 Kh7 25. Qe3 Ng8 26. Bg2 Be6 27. Qf3 Nf6 28.
Qe3 Ng4 29. Qf3 h5 30. Bh3 Nf6 31. Bg5 Qc8 32. Bxf6 Bxf6 33. Qxh5+ Kg8 34. Qf3
g6 35. Nh6+ Kg7 36. Ng4 Bxg4 37. Bxg4 Qa6 38. Kg2 Qb5 39. b3 Qa5 40. c4 Qc3 41.
Rh1 Rh8 42. Rad1 Qb2 43. Rh3 Qxa2 44. Rdh1 Qxb3 45. h5 Bg5 46. hxg6 Rxh3 47.
Rxh3 fxg6 48. Be6 Re7 49. Bd5 a5 50. Qg4 Kf6 51. Qf3+ Bf4 52. gxf4 a4 53. fxe5+
Kxe5 54. Qg3+ Kd4 55. Qe3+ Kc3 56. Qg5 Ra7 57. d4+ Kc2 58. Rxb3 axb3 59. e5 dxe5
60. Be4+ Kc3 61. Qxe5 b2 62. d5+ Kb3 63. d6 Ra1 64. d7 b1=Q 65. Bxb1 Rxb1 66.
d8=Q {Black resigns} 1-0

[Event "Team 45 45 League T59"]
[Site "Internet Chess Club"]
[Date "2014.01.05"]
[Round "6"]
[White "gcl"]
[Black "Buford-Julep"]
[Result "0-1"]
[WhiteElo "1675"]
[BlackElo "1774"]
[Opening "French: advance variation"]
[ECO "C02"]
[Time "16:00:37"]
[TimeControl "2700+45"]

1. e4 e6 2. d4 d5 3. e5 c5 4. c3 Qb6 5. Nf3 Nc6 6. a3 f6 7. g3 fxe5 8. Nxe5 Nf6
9. b4 cxd4 10. Nxc6 bxc6 11. cxd4 Bd6 12. Be3 a5 13. Nc3 Ba6 14. Na4 Qc7 15.
Bxa6 Rxa6 16. Nc5 Bxc5 17. bxc5 e5 18. dxe5 Qxe5 19. O-O O-O 20. Re1 Ne4 21. Bd4
Qf5 22. Qd3 Raa8 23. Qc2 Nxg3 24. Qb2 Ne4 25. Ra2 Qg4+ 26. Kh1 Qf3+ 27. Kg1 Qg4+
28. Kh1 Rae8 29. Qa1 Qf3+ 30. Kg1 Ng5 31. Re3 Rxe3 32. Bxe3 Qg4+ 33. Kf1 Qh3+
34. Ke2 Qf3+ 35. Kd3 Qe4+ 36. Kc3 Nf3 37. h3 d4+ {White resigns} 0-1

[Event "Team 45 45 League T59"]
[Site "Internet Chess Club"]
[Date "2014.01.05"]
[Round "6"]
[White "LazyPeon"]
[Black "Whalen"]
[Result "1-0"]
[WhiteElo "1861"]
[BlackElo "1632"]
[Opening "Queen's gambit accepted"]
[ECO "D26"]
[Time "13:00:34"]
[TimeControl "2700+45"]

1. d4 d5 2. c4 dxc4 3. e3 Nf6 4. Bxc4 e6 5. Nf3 a6 6. O-O b5 7. Bb3 c5 8. a4 Bb7
9. axb5 axb5 10. Rxa8 Bxa8 11. Na3 Qb6 12. dxc5 Bxc5 13. Qe2 Bxa3 14. bxa3 Nbd7
15. Bb2 O-O 16. Bd4 Qd6 17. Bb2 Nc5 18. Rd1 Qc6 19. Bc2 Nfe4 20. Nd4 Ng3 21.
fxg3 {Black resigns} 1-0

[Event "Team 45 45 League T59"]
[Site "Internet Chess Club"]
[Date "2014.01.05"]
[Round "6"]
[White "parrot9"]
[Black "SirIvanhoe"]
[Result "1/2-1/2"]
[WhiteElo "1662"]
[BlackElo "1566"]
[Opening "Caro-Kann: classical, 6.h4"]
[ECO "B18"]
[Time "13:14:14"]
[TimeControl "2700+45"]

1. e4 c6 2. d4 d5 3. Nc3 dxe4 4. Nxe4 Bf5 5. Ng3 Bg6 6. h4 h6 7. h5 Bh7 8. Nf3
Nd7 9. Bd3 Bxd3 10. Qxd3 e6 11. Bd2 Ngf6 12. O-O-O Be7 13. Ne4 Nxe4 14. Qxe4 Nf6
15. Qe2 Qd5 16. Kb1 Qb5 17. Qxb5 cxb5 18. Ne5 Nd7 19. Nxd7 Kxd7 20. b3 b4 21.
Bc1 Kc6 22. Rhe1 Rhe8 23. g4 Rad8 24. Bb2 Bf8 25. Bc1 Rd5 {Game drawn by mutual
agreement} 1/2-1/2

[Event "Team 45 45 League T59"]
[Site "Internet Chess Club"]
[Date "2014.01.07"]
[Round "6"]
[White "Ptzz"]
[Black "steadman"]
[Result "1/2-1/2"]
[WhiteElo "2072"]
[BlackElo "2168"]
[Opening "Benko's opening"]
[ECO "A00"]
[Time "16:00:25"]
[TimeControl "2700+45"]

1. g3 Nf6 2. c4 g6 3. Bg2 Bg7 4. Nc3 d6 5. d3 O-O 6. e4 c5 7. Nge2 Nc6 8. O-O a6
9. h3 Rb8 10. a4 Ne8 11. Be3 Nc7 12. d4 cxd4 13. Nxd4 Ne6 14. Nc2 Bd7 15. Nd5 b6
{Game drawn by mutual agreement} 1/2-1/2